 Dungeon Sprint DCSS version 0.31-a0-18-gea43df2a32 (webtiles) character file.

Game seed: 15225733910641768668

235 sircluck the Ruffian (level 5, -1/88 HPs)
             Began as a Troll Berserker on May 10, 2023.
             Was a Believer of Trog.
             Slain by a merfolk siren
             ... wielding a +0 trident
              (20 damage)
             ... in the Dungeon (Sprint II: "The Violet Keep of Menkaure").
             The game lasted 00:00:22 (72 turns).

sircluck the Ruffian (Troll Berserker)                Turns: 72, Time: 00:00:23

Health: -1/88      AC:  4    Str: 27    XL:     5   Next: 76%
Magic:  4/4        EV: 11    Int:  3    God:    Trog [**....]
Gold:   243        SH:  0    Dex:  9    Spells: 4/4 levels left

rFire   . .          .
                       - Unarmed
rCold   . . .        (no shield)
rNeg    . . .        a - +0 animal skin
rPois   .            (helmet restricted)
rElec   .            (no cloak)
rCorr   .            (gloves unavailable)
SInv    .            (boots unavailable)
Will    .....        (no amulet) Stlth
                     (no ring)
HPRegen 1.14/turn    (no ring)
MPRegen 0.09/turn

%: no teleportation
@: berserking, very quick
A: large, unfitting armour, claws 3, regeneration 1, shaggy fur 1, tough skin 1
a: Renounce Religion, Berserk, Trog's Hand


You were in the Dungeon.
You worshipped Trog.
Trog was pleased with you.
You visited 1 branch You collected 243 gold pieces.

Inventory:

Armour
 a - a +0 animal skin (worn)
Scrolls
 g - a scroll of blinking
Potions
 b - a potion of curing
 c - a potion of heal wounds
 d - a potion of haste
 e - 2 potions of magic
 f - a potion of berserk rage


   Skills:
 + Level 6.2 Fighting
 + Level 6.1 Dodging
 + Level 7.9 Unarmed Combat


You had 4 spell levels left.
You didn't know any spells.
Your spell library was empty.

Dungeon Overview and Level Annotations

Branches:
Dungeon (1/1)

Altars:

Annotations:
D Menkaure


Innate Abilities, Weirdness & Mutations

You are too large for most types of armour.
You have claws for hands.
Your natural rate of healing is unusually fast.
You are covered in fur. (AC +1)
You have tough skin. (AC +1)


Message History

You start resting.
You feel a strong urge to attack something.
You start resting.
You are no longer berserk.
You are exhausted.
You feel yourself slow down.
You start resting.
HP restored.
You start waiting.
You feel yourself speed up.
There is an open door, spattered with blood here.
There is a staircase leading out of the dungeon here.
You start waiting.
Found 243 gold pieces.
A merfolk siren comes into view. It is wielding a +0 trident.
The merfolk siren shouts!
Menkaure shouts!
There is a staircase leading out of the dungeon here.
You're still recovering from your berserk rage.
The merfolk siren barely misses you.
There is an open door, spattered with blood here.
You see here a scorpion corpse.
You close the door.
You recover from your berserk rage.
A merfolk siren opens the door.
A red film seems to cover your vision as you go berserk!
You feel yourself moving faster!
You feel mighty!
Menkaure calls on the powers of darkness!
The merfolk siren convulses!
Your body is wracked with pain!
The merfolk siren hits you from afar with a +0 trident!!
* * * LOW HITPOINT WARNING * * *
You feel a strong urge to attack something.
There is an open door, spattered with blood here.
You closely miss the merfolk siren.
The merfolk siren is heavily wounded.
The merfolk siren hits you with a +0 trident.
* * * LOW HITPOINT WARNING * * *
You closely miss the merfolk siren.
The merfolk siren is heavily wounded.
The merfolk siren hits you with a +0 trident!!
You die...

## ## ##.
.##
#.†#..#
#†# #@#
##
##m##...#
+.M.'M#
##.##...#
#+# .## #


You could see a merfolk siren and Menkaure.

Vanquished Creatures
  4 scorpions (D)
4 creatures vanquished.

Notes
Turn   | Place    | Note
-------+----------+-------------------------------------------
     0 | D        | sircluck the Troll Berserker began the quest for the Orb.
     0 | D        | Reached XP level 1. HP: 22/22 MP: 0/0
     1 | D        | Noticed a scorpion
     1 | D        | Noticed a scorpion
     1 | D        | Noticed a scorpion
     1 | D        | Noticed a scorpion
     5 | D        | Killed a scorpion
     6 | D        | Reached skill level 5 in Unarmed Combat
     6 | D        | Reached XP level 2. HP: 33/33 MP: 1/1
     6 | D        | Reached XP level 3. HP: 40/40 MP: 2/2
    12 | D        | Killed a scorpion
    13 | D        | Reached skill level 5 in Fighting
    13 | D        | Reached skill level 5 in Dodging
    13 | D        | Reached skill level 6 in Unarmed Combat
    13 | D        | Reached XP level 4. HP: 50/50 MP: 3/3
    14 | D        | Killed a scorpion
    14 | D        | Reached ** piety under Trog
    15 | D        | Reached skill level 7 in Unarmed Combat
    15 | D        | Reached XP level 5. HP: 59/59 MP: 4/4
    63 | D        | Noticed a merfolk siren
    63 | D        | Noticed Menkaure
    72 | D        | Slain by a merfolk siren

Illustrated notes

Levels and vault maps discovered:
D:        the_violet_keep_of_menkaure [sprint2_stairs_cluster_1,
          sprint2_shoproom, sprint2_temple, sprint2_basic_supplies,
          sprint2_obstacle_7, sprint2_obstacle_4, sprint2_obstacle_1,
          sprint2_obstacle_5, sprint2_obstacle_6, sprint2_timed_cluster_1,
          sprint2_smallroom_cluster_1, sprint2_smallroom_final_cluster_1,
          sprint2_transparent_cluster_1, sprint2_second_timed_cluster_1,
          sprint2_sniper_area_1, sprint2_heavy_combat_area_1,
          sprint2_mutation_trap_area_1, sprint2_forest_area_1,
          sprint2_light_combat_area_1, sprint2_behind_water_1,
          sprint2_near_end_vault_1]

Skill      XL: |  1  2  3  4  5 |
---------------+----------------+-----
Fighting       | 4 5 6 |  6.2
Dodging        | 4 5 6 |  6.1
Unarmed Combat | 5 6 7 |  7.9

Action                     |  1- 3 |  4- 6 || total
---------------------------+-------+-------++-------
  Melee: Unarmed           |     9 |     7 ||    16
         Punch             |       |     1 ||     1
 Invoke: Berserk           |     1 |     1 ||     2
 Armour: Animal skin       |     4 |       ||     4
  Dodge: Dodged            |       |     2 ||     2

Table legend: (Time is in decaauts)
 A = Elapsed time spent in this place.
 B = Non-inter-level travel time spent in this place.
 C = Inter-level travel time spent in this place.
 D = Time resting spent in this place.
 E = Time spent auto-exploring this place.
 F = Levels seen in this place.
 G = Mean time per level.
                   A        B        C        D        E       F      G
               +--------+--------+--------+--------+--------+-----+--------+
         Total |     80 |     80 |      0 |     55 |      1 |   1 |   80.0 |
       Dungeon |     80 |     80 |      0 |     55 |      1 |   1 |   80.0 |
               +--------+--------+--------+--------+--------+-----+--------+

Top non-repeatable levels by time:
       D: 80 daAuts
